 Dungeon Crawl Stone Soup version 0.25.1-2-g60ff931df9 (webtiles) character file.

Game seed: 5751747820046356866

37 Descartes the Ducker (level 3, -2/17 HPs)
             Began as a Felid Monk on Nov 8, 2020.
             Killed from afar by an orc wizard (7 damage)
             ... with a magic dart
             ... on level 2 of the Dungeon.
             The game lasted 00:01:45 (1527 turns).

Descartes the Ducker (Felid Monk)                   Turns: 1527, Time: 00:01:45

Health: -2/17      AC:  1    Str:  8    XL:     3   Next: 23%
Magic:  4/4        EV: 20    Int: 11    God:
Gold:   44         SH:  0    Dex: 18    Spells: 2/2 levels left
                                        Lives:  0   Deaths: 0

rFire    . . .     SeeInvis +     - Unarmed
rCold    . . .     Gourm    .   (shield unavailable)
rNeg     . . .     Faith    .   (armour unavailable)
rPois    .         Spirit   .   (helmet unavailable)
rElec    .         Reflect  .   (cloak unavailable)
rCorr    .         Harm     .   (gloves unavailable)
MR       .....                  (boots unavailable)
Stlth    +++.......             (no amulet)
HPRegen  0.05/turn              (no ring)
MPRegen  0.09/turn              (no ring)

@: quick
A: very small, no armour, no weapons or thrown items, stealth, claws 1, fangs 3,
see invisible, carnivore, speed 1, shaggy fur 1, slow metabolism 1, sharp paws
a: no special abilities


You were on level 2 of the Dungeon.
You were completely stuffed.

You visited 1 branch of the dungeon, and saw 2 of its levels.

You collected 44 gold pieces.

Inventory:

Missiles
 k - 14 arrows
Wands
 l - a wand of disintegration (14)
Scrolls
 c - 2 scrolls of teleportation {unknown}
 e - a scroll of enchant armour {unknown}
 f - a scroll of remove curse {unknown}
 h - a scroll of amnesia {unknown}
 i - a scroll of identify {unknown}
Potions
 b - a potion of curing {unknown}
 d - a potion of cancellation {unknown}
 j - a potion of heal wounds {unknown}
Comestibles
 a - a ration
 g - 3 chunks of flesh


   Skills:
 - Level 3.0 Fighting
 + Level 4.5 Dodging
 * Level 4.2 Stealth
 + Level 3.3 Unarmed Combat


You had 2 spell levels left.
You didn't know any spells.
Your spell library was empty.

Dungeon Overview and Level Annotations

Branches:
Dungeon (2/15)

Altars:


Innate Abilities, Weirdness & Mutations

You cannot wear armour.
You are incapable of wielding weapons or throwing items.
Your paws allow you to move quietly. (Stealth)
You have sharp claws.
You have razor-sharp teeth.
You have supernaturally acute eyesight. (SInv)
You are carnivorous and can eat meat at any time.
You cover ground quickly.
You are covered in fur. (AC +1)
You have a slow metabolism.
Your sharp claws are effective at attacking unaware monsters.


Message History

You scratch the orc wizard but do no damage.
The orc wizard is heavily wounded.
The orc wizard casts a spell at you. The puff of flame misses you.
You scratch the orc wizard but do no damage.
The orc wizard is heavily wounded.
The orc wizard misses you.
The orc wizard gestures wildly while chanting.
The orc wizard seems to speed up.
You scratch the orc wizard.
The orc wizard is severely wounded.
The orc wizard casts a spell at you. The puff of frost hits you!
Ouch! That really hurt!
* * * LOW HITPOINT WARNING * * *
You closely miss the orc wizard.
The orc wizard is severely wounded.
The orc wizard casts a spell at you. The magic dart hits you!
You die...

#........##.#
########.##.#
#.....##.#
#.....##.#
#..<..##.# .
#.....##.# ..
#.....##'#######...
#.....#....#......#
#.....#...@#......#
#######....ol.....#
######o.....#
....... ####'## #


You could see an orc wizard, an orc and a frilled lizard.

Vanquished Creatures
  4 oozes (D:1)
  A dart slug (D:1)
  A ball python (D:1)
  3 hobgoblins (D:1)
  2 bats (D:1)
  2 frilled lizards (D:1)
  2 goblins (D:1)
  2 kobolds (D:1)
  5 rats
22 creatures vanquished.

Notes
Turn   | Place    | Note
-------+----------+-------------------------------------------
     0 | D:1      | Descartes the Felid Monk began the quest for the Orb.
     0 | D:1      | Reached XP level 1. HP: 10/10 MP: 2/2
   533 | D:1      | Reached XP level 2. HP: 14/14 MP: 3/3
  1139 | D:1      | Reached XP level 3. HP: 17/17 MP: 4/4
  1527 | D:2      | Killed from afar by an orc wizard

Illustrated notes

Levels and vault maps discovered:
D:1:      onia_arrival_handbag, layout_loops_ring
D:2:      layout_basic, kennysheep_donut, amethyst_killhole,
          uniq_crazy_yiuf_cottage

Skill      XL: |  1  2 |
---------------+-------+-----
Stealth        | 3 4 |  4.2
Fighting       | |  3.0
Dodging        | |  4.5
Unarmed Combat | |  3.3

Action                   || total
-------------------------++-------
Melee: Unarmed           ||    63
       Bite              ||     6
       Punch             ||     3
 Stab: Sleeping          ||     7
  Eat: Chunk             ||     8
Armor: Skin              ||     2
Dodge: Dodged            ||    31
